APL (24 & UNDER)
NANTUCKET ORCAS @ SAVANNAH HOGS
04/02/2029
 
TOP OF THE 1ST
Nantucket Orcas batting - Pitching for Savannah Hogs : RHP John Allen
Pitching: RHP John Allen
Batting: RHB Charlie Pérez 0-0: Called Strike
0-1: Ball
1-1: Ground out 4-3 (Groundball, 34)
Batting: RHB Demetrio Inrouville 0-0: Ball
1-0: Foul Ball, location: 2F
1-1: SINGLE (Line Drive, 4)
Batting: LHB Eugene Lee 0-0: Called Strike
0-1: Foul Ball, location: 2F
0-2: Ball
1-2: Foul Ball, location: 2F
1-2: Ball
2-2: SINGLE (Line Drive, 34D)
Demetrio Inrouville to second
Batting: RHB Fernando Álvarez 0-0: Ball
1-0: Called Strike
1-1: Called Strike
1-2: Ball
2-2: Foul Ball, location: 2F
2-2: Strikes out swinging
Batting: RHB Matt Dundee 0-0: Called Strike
0-1: Called Strike
0-2: Foul Ball, location: 2F
0-2: Ball
1-2: Ball
2-2: Foul Ball, location: 2F
2-2: Fielders Choice at 2nd, 6-4 (Groundball, 6)
Top of the 1st over - 0 runs, 2 hits, 0 errors, 2 left on base; Nantucket 0 - Savannah 0
BOTTOM OF THE 1ST
Savannah Hogs batting - Pitching for Nantucket Orcas : RHP Bo Wagner
Pitching: RHP Bo Wagner
Batting: RHB Ramón Gómez 0-0: Called Strike
0-1: Ball
1-1: Swinging Strike
1-2: Strikes out swinging
Batting: RHB Guillermo González 0-0: Swinging Strike
0-1: Foul Ball, location: 2F
0-2: Fly out, F9 (Line Drive, 9)
Batting: LHB Marv Gardner 0-0: Swinging Strike
0-1: Ball
1-1: Swinging Strike
1-2: Ball
2-2: Strikes out swinging
Bottom of the 1st over - 0 runs, 0 hits, 0 errors, 0 left on base; Nantucket 0 - Savannah 0
TOP OF THE 2ND
Nantucket Orcas batting - Pitching for Savannah Hogs : RHP John Allen
Batting: LHB Alfonso Vélez 0-0: Called Strike
0-1: Foul Ball, location: 2F
0-2: Foul Ball, location: 2F
0-2: Fly out, F6 (Line Drive, 6)
Batting: SHB Dan Dunn 0-0: Fly out, F8 (Flyball, 8RS)
Batting: RHB Scotty Hicks 0-0: Ball
1-0: Ground out 6-3 (Groundball, 6)
Top of the 2nd over - 0 runs, 0 hits, 0 errors, 0 left on base; Nantucket 0 - Savannah 0
BOTTOM OF THE 2ND
Savannah Hogs batting - Pitching for Nantucket Orcas : RHP Bo Wagner
Batting: LHB António Gutiérrez 0-0: Called Strike
0-1: Foul Ball, location: 2F
0-2: Strikes out swinging
Batting: SHB Juan Soriano 0-0: Foul Ball, location: 2F
0-1: Ball
1-1: Ball
2-1: Fly out, F8 (Line Drive, 8RD)
Batting: RHB Miguel Cervantes 0-0: Ball
1-0: Ball
2-0: Ball
3-0: Called Strike
3-1: Foul Ball, location: 2F
3-2: Strikes out swinging
Bottom of the 2nd over - 0 runs, 0 hits, 0 errors, 0 left on base; Nantucket 0 - Savannah 0
TOP OF THE 3RD
Nantucket Orcas batting - Pitching for Savannah Hogs : RHP John Allen
Batting: RHB Luis Cruz 0-0: Reached on error, E5 (Flyball, 5D)
Batting: RHB Charlie Pérez 0-0: Ball
1-0: Called Strike
1-1: Ball
2-1: DOUBLE (Line Drive, 8LD)
Luis Cruz to third
Runner from 3rd tries for Home, SAFE, no throw
Batting: RHB Demetrio Inrouville 0-0: Foul Ball, location: 2F
0-1: Foul Ball, location: 2F
0-2: Ground out 4-3 (Groundball, 34)
Charlie Pérez to third
Batting: LHB Eugene Lee 0-0: Ball
1-0: Called Strike
1-1: Fly out, F7 (Flyball, 7S)
Batting: RHB Fernando Álvarez 0-0: Ball
1-0: Ball
2-0: SINGLE (Groundball, 34D)
Charlie Pérez scores
Batting: RHB Matt Dundee 0-0: Called Strike
0-1: Called Strike
0-2: Ball
1-2: Ball
2-2: Foul Ball, location: 2F
2-2: Ground out 4-3 (Groundball, 4)
Top of the 3rd over - 2 runs, 2 hits, 1 error, 1 left on base; Nantucket 2 - Savannah 0
BOTTOM OF THE 3RD
Savannah Hogs batting - Pitching for Nantucket Orcas : RHP Bo Wagner
Batting: LHB Felipe Franco 0-0: Called Strike
0-1: Foul Ball, location: 2F
0-2: Foul Ball, location: 2F
0-2: Strikes out swinging
Batting: SHB Juan Chávez 0-0: Swinging Strike
0-1: Ball
1-1: Ground out 6-3 (Groundball, 6)
Batting: RHB Wilson Ortíz 0-0: Ground out U3 (Groundball, 34S)
Bottom of the 3rd over - 0 runs, 0 hits, 0 errors, 0 left on base; Nantucket 2 - Savannah 0
TOP OF THE 4TH
Nantucket Orcas batting - Pitching for Savannah Hogs : RHP John Allen
Batting: LHB Alfonso Vélez 0-0: Ball
1-0: Called Strike
1-1: Ball
2-1: Ball
3-1: Base on Balls
Batting: SHB Dan Dunn 0-0: Called Strike
0-1: Ball
1-1: SINGLE (Groundball, 4D)
Alfonso Vélez to second
Runner from 2nd tries for 3rd, OUT!
Batting: RHB Scotty Hicks 0-0: Ball
1-0: Ball
2-0: Ball
3-0: Base on Balls
Dan Dunn to second
Batting: RHB Luis Cruz 0-0: Ball
1-0: Ball
2-0: DOUBLE (Flyball, 89D)
Dan Dunn scores
Scotty Hicks to third
Batting: RHB Charlie Pérez 0-0: Swinging Strike
0-1: Foul Ball, location: 2F
0-2: Ball
1-2: Foul Ball, location: 2F
1-2: Ball
2-2: Foul Ball, location: 2F
2-2: Strikes out swinging
Batting: RHB Demetrio Inrouville 0-0: Foul Ball, location: 2F
0-1: Ball
1-1: Foul Ball, location: 2F
1-2: Foul Ball, location: 2F
1-2: Ball
2-2: Fly out, F3 (Line Drive, 3S)
Top of the 4th over - 1 run, 2 hits, 0 errors, 2 left on base; Nantucket 3 - Savannah 0
BOTTOM OF THE 4TH
Savannah Hogs batting - Pitching for Nantucket Orcas : RHP Bo Wagner
Batting: RHB Ramón Gómez 0-0: Ground out 5-3 (Groundball, 56S)
Batting: RHB Guillermo González 0-0: Ball
1-0: Hit by Pitch
Batting: LHB Marv Gardner 0-0: Ball
Guillermo González is caught stealing 2nd base
1-0: Ball
2-0: Called Strike
2-1: Ball
3-1: Foul Ball, location: 2F
3-2: Strikes out swinging
Bottom of the 4th over - 0 runs, 0 hits, 0 errors, 0 left on base; Nantucket 3 - Savannah 0
TOP OF THE 5TH
Nantucket Orcas batting - Pitching for Savannah Hogs : RHP John Allen
Batting: LHB Eugene Lee 0-0: Ball
1-0: Called Strike
1-1: Foul Ball, location: 2F
1-2: Strikes out swinging
Batting: RHB Fernando Álvarez 0-0: Ball
1-0: Ball
2-0: Ball
3-0: Called Strike
3-1: Called Strike
3-2: Foul Ball, location: 2F
3-2: Base on Balls
Batting: RHB Matt Dundee 0-0: Ball
Fernando Álvarez steals 2nd base
1-0: Foul Ball, location: 2F
1-1: Foul Ball, location: 2F
1-2: Ground out 4-3 (Groundball, 4)
Fernando Álvarez to third
Batting: LHB Alfonso Vélez 0-0: Intentional Walk
Batting: SHB Dan Dunn 0-0: Foul Ball, location: 2F
0-1: Swinging Strike
0-2: Ground out 1-3 (Groundball, P)
Top of the 5th over - 0 runs, 0 hits, 0 errors, 2 left on base; Nantucket 3 - Savannah 0
BOTTOM OF THE 5TH
Savannah Hogs batting - Pitching for Nantucket Orcas : RHP Bo Wagner
Batting: LHB António Gutiérrez 0-0: Foul Ball, location: 2F
0-1: Foul Ball, location: 2F
0-2: SINGLE (Line Drive, 9S)
Batting: SHB Juan Soriano 0-0: Fly out, F7 (Flyball, 7)
Batting: RHB Miguel Cervantes 0-0: Called Strike
0-1: Swinging Strike
0-2: Ball
1-2: Ball
2-2: Ball
3-2: Fly out, F7 (Flyball, 7S)
Batting: LHB Felipe Franco 0-0: Called Strike
0-1: Ball
1-1: Called Strike
1-2: Strikes out swinging
Bottom of the 5th over - 0 runs, 1 hit, 0 errors, 1 left on base; Nantucket 3 - Savannah 0
TOP OF THE 6TH
Nantucket Orcas batting - Pitching for Savannah Hogs : RHP John Allen
Batting: RHB Scotty Hicks 0-0: Called Strike
0-1: SINGLE (Line Drive, 89S)
Batting: RHB Luis Cruz 0-0: Called Strike
0-1: Foul Ball, location: 2F
0-2: Ball
1-2: Foul Ball, location: 2F
1-2: Ball
2-2: Foul Ball, location: 2F
2-2: Strikes out swinging
Pitching: LHP Alan Baca
Batting: RHB Charlie Pérez 0-0: Ball
1-0: Ball
2-0: Swinging Strike
2-1: Foul Ball, location: 2F
2-2: Foul Ball, location: 2F
2-2: Ball
3-2: Strikes out swinging
Batting: RHB Demetrio Inrouville 0-0: Ball
1-0: Ball
2-0: Called Strike
2-1: Foul Ball, location: 2F
2-2: Ball
3-2: SINGLE (Groundball, 6MD)
Scotty Hicks to second
Scotty Hicks to third
Batting: LHB Eugene Lee 0-0: Called Strike
0-1: Foul Ball, location: 2F
0-2: Foul Ball, location: 2F
0-2: Fly out, F6 (Popup, 56)
Top of the 6th over - 0 runs, 2 hits, 0 errors, 2 left on base; Nantucket 3 - Savannah 0
BOTTOM OF THE 6TH
Savannah Hogs batting - Pitching for Nantucket Orcas : RHP Bo Wagner
Batting: SHB Juan Chávez 0-0: Ball
1-0: Ball
2-0: Called Strike
2-1: Ball
3-1: Called Strike
3-2: SINGLE (Line Drive, 89S)
Batting: RHB Wilson Ortíz 0-0: Grounds into double play, 6-4-3 (Groundball, 6)
Batting: RHB Ramón Gómez 0-0: Called Strike
0-1: Swinging Strike
0-2: Strikes out swinging
Bottom of the 6th over - 0 runs, 1 hit, 0 errors, 0 left on base; Nantucket 3 - Savannah 0
TOP OF THE 7TH
Nantucket Orcas batting - Pitching for Savannah Hogs : LHP Alan Baca
Batting: RHB Fernando Álvarez 0-0: Ball
1-0: Foul Ball, location: 2F
1-1: Ball
2-1: Fly out, F3 (Popup, 3S)
Batting: RHB Matt Dundee 0-0: Foul Ball, location: 2F
0-1: SINGLE (Groundball, 34) (infield hit)
Batting: LHB Alfonso Vélez 0-0: Ball
1-0: Ball
2-0: Ball
3-0: Base on Balls
Matt Dundee to second
Batting: SHB Dan Dunn 0-0: Called Strike
0-1: Swinging Strike
0-2: Ball
1-2: Fly out, F6 (Line Drive, 6M)
Batting: RHB Scotty Hicks 0-0: 3-RUN HOME RUN (Flyball, 7LD), Distance : 357 ft
Batting: RHB Luis Cruz 0-0: SINGLE (Groundball, 56D)
Batting: RHB Charlie Pérez 0-0: Called Strike
0-1: Ball
1-1: Ball
2-1: SINGLE (Groundball, 2R) (infield hit)
Luis Cruz to second
Batting: RHB Demetrio Inrouville 0-0: Foul Ball, location: 2F
0-1: Ball
1-1: Swinging Strike
1-2: Ball
2-2: Foul Ball, location: 2F
2-2: Ball
3-2: Foul Ball, location: 2F
3-2: Strikes out swinging
Top of the 7th over - 3 runs, 4 hits, 0 errors, 2 left on base; Nantucket 6 - Savannah 0
BOTTOM OF THE 7TH
Savannah Hogs batting - Pitching for Nantucket Orcas : RHP Bo Wagner
Batting: RHB Guillermo González 0-0: Ball
1-0: Ball
2-0: Ball
3-0: Called Strike
3-1: Called Strike
3-2: Base on Balls
Batting: LHB Marv Gardner 0-0: Ball
Guillermo González steals 2nd base
1-0: Called Strike
Guillermo González steals 3rd base
1-1: Ball
2-1: Called Strike
2-2: Ball
3-2: Foul Ball, location: 2F
3-2: Base on Balls
Batting: LHB António Gutiérrez 0-0: Called Strike
0-1: SINGLE (Line Drive, 89S)
Guillermo González scores
Marv Gardner to second
Batting: SHB Juan Soriano 0-0: Fielders Choice at 2nd, 1-6 (Groundball, 13S)
Marv Gardner to third
Batting: RHB Miguel Cervantes 0-0: Ball
Juan Soriano is caught stealing 2nd base
1-0: Called Strike
1-1: Foul Ball, location: 2F
1-2: Foul Ball, location: 2F
1-2: SINGLE (Groundball, 6MD)
Marv Gardner scores
Batting: LHB Felipe Franco 0-0: Foul Ball, location: 2F
0-1: Ball
1-1: Foul Ball, location: 2F
1-2: Ball
2-2: Ball
3-2: Ground out 4-3 (Groundball, 4)
Bottom of the 7th over - 2 runs, 2 hits, 0 errors, 1 left on base; Nantucket 6 - Savannah 2
TOP OF THE 8TH
Nantucket Orcas batting - Pitching for Savannah Hogs : LHP Alan Baca
Pitching: LHP Ricardo Rosário
Batting: LHB Eugene Lee 0-0: Swinging Strike
0-1: Swinging Strike
0-2: Ball
1-2: Ball
2-2: Foul Ball, location: 2F
2-2: Foul Ball, location: 2F
2-2: Ground out 1-3 (Groundball, 13S)
Batting: RHB Fernando Álvarez 0-0: Ball
1-0: Ball
2-0: Fly out, F8 (Flyball, 8RD)
Batting: RHB Matt Dundee 0-0: Called Strike
0-1: Ball
1-1: Ball
2-1: Swinging Strike
2-2: Foul Ball, location: 2F
2-2: Strikes out looking
Top of the 8th over - 0 runs, 0 hits, 0 errors, 0 left on base; Nantucket 6 - Savannah 2
BOTTOM OF THE 8TH
Savannah Hogs batting - Pitching for Nantucket Orcas : RHP Bo Wagner
Batting: SHB Juan Chávez 0-0: Ball
1-0: Ball
2-0: Ball
3-0: Base on Balls
Batting: RHB Wilson Ortíz 0-0: Called Strike
0-1: Ball
1-1: Ball
2-1: Ball
3-1: Base on Balls
Juan Chávez to second
Batting: RHB Ramón Gómez 0-0: Swinging Strike
0-1: Foul Ball, location: 2F
0-2: Strikes out swinging
Batting: RHB Guillermo González 0-0: Ball
1-0: Ball
2-0: Ball
3-0: Called Strike
3-1: Base on Balls
Juan Chávez to third
Wilson Ortíz to second
Batting: LHB Marv Gardner 0-0: Called Strike
0-1: Called Strike
0-2: Strikes out swinging
Batting: LHB António Gutiérrez 0-0: Ball
1-0: Swinging Strike
1-1: Ball
2-1: Foul Ball, location: 2F
2-2: Ball
3-2: Strikes out swinging
Bottom of the 8th over - 0 runs, 0 hits, 0 errors, 3 left on base; Nantucket 6 - Savannah 2
TOP OF THE 9TH
Nantucket Orcas batting - Pitching for Savannah Hogs : LHP Ricardo Rosário
Batting: LHB Alfonso Vélez 0-0: Ground out 6-3 (Groundball, 56D)
Batting: SHB Dan Dunn 0-0: Ball
1-0: Ball
2-0: Ball
3-0: Called Strike
3-1: Swinging Strike
3-2: Base on Balls
Batting: RHB Scotty Hicks 0-0: Ball
1-0: Ball
2-0: Called Strike
2-1: Ground out 3-1 (Groundball, 34S)
Dan Dunn to second
Batting: RHB Luis Cruz 0-0: Swinging Strike
0-1: Ball
1-1: Fly out, F7 (Flyball, 7S)
Top of the 9th over - 0 runs, 0 hits, 0 errors, 1 left on base; Nantucket 6 - Savannah 2
BOTTOM OF THE 9TH
Savannah Hogs batting - Pitching for Nantucket Orcas : RHP Bo Wagner
Batting: SHB Juan Soriano 0-0: Ball
1-0: Ball
2-0: Ball
3-0: Base on Balls
Pitching: LHP Stanley Wise
Batting: RHB Miguel Cervantes 0-0: Ball
1-0: SINGLE (Line Drive, 78M)
Juan Soriano to second
Batting: LHB Felipe Franco 0-0: Swinging Strike
0-1: Ball
1-1: Foul Ball, location: 2F
1-2: Foul Ball, location: 2F
1-2: Fielders Choice at 2nd, 1-6 (Groundball, 13S)
Juan Soriano to third
Batting: SHB Juan Chávez 0-0: Foul Ball, location: 2F
0-1: Foul Ball, location: 2F
0-2: Strikes out swinging
Batting: RHB Wilson Ortíz 0-0: Ball
1-0: 3-RUN HOME RUN (Flyball, 9D), Distance : 376 ft
Pitching: RHP Armando Chávez
Pinch Hitting: LHB Alberto Castellanos 0-0: Foul Ball, location: 2F
0-1: Ball
1-1: Ball
2-1: Foul Ball, location: 2F
2-2: Ball
3-2: Base on Balls
Batting: RHB Guillermo González 0-0: Ball
1-0: Ball
2-0: SINGLE (Groundball, 6M)
Alberto Castellanos to second
Runner from 2nd tries for 3rd, SAFE, no throw
Batting: LHB Marv Gardner 0-0: Ball
1-0: Ball
2-0: Ball
3-0: Base on Balls
Guillermo González to second
Batting: LHB António Gutiérrez 0-0: Ball
1-0: Ball
2-0: Called Strike
2-1: Ground out 4-3 (Groundball, 4)
Bottom of the 9th over - 3 runs, 3 hits, 0 errors, 3 left on base; Nantucket 6 - Savannah 5
Saturday, December 16th, 2017 - OOTP Baseball 18.8 Build 76